 Dungeon Crawl Stone Soup version 0.19.5 (webtiles) character file.

799 wolfsongas the Basher (level 7, -4/70 HPs)
             Began as an Ogre Berserker on May 5, 2017.
             Was a Priest of Trog.
             Slain by a killer bee (9 damage)
             ... on level 5 of the Dungeon.
             The game lasted 00:10:00 (3734 turns).

wolfsongas the Basher (Ogre Berserker)              Turns: 3734, Time: 00:10:02

Health: -4/70      AC:  7    Str: 25    XL:     7   Next: 90%
Magic:  7/7        EV: 10    Int:  6    God:    Trog [***...]
Gold:   69         SH:  0    Dex:  9    Spells: 0 memorised, 6 levels left

rFire  + . .     SeeInvis .     r - +0 giant spiked club
rCold  + . .     Gourm    .     e - +2 robe {rC+ rF+}
rNeg   . . .     Faith    .     (shield currently unavailable)
rPois  .         Spirit   .     (helmet restricted)
rElec  .         Reflect  .     c - +1 cloak
rCorr  .         Harm     .     (gloves unavailable)
MR     .....                    (boots unavailable)
Stlth  +++.......               (no amulet)
                                g - ring of wizardry
                                f - ring of stealth

@: exhausted, about to teleport, very slightly contaminated, slowed, very slow
A: unfitting armour, tough skin 1
a: Berserk, Trog's Hand, Burn Spellbooks, Renounce Religion


You were on level 5 of the Dungeon.
You worshipped Trog.
Trog was most pleased with you.
You were not hungry.

You visited 1 branch of the dungeon, and saw 5 of its levels.

You collected 174 gold pieces.
You spent 105 gold pieces at shops.

Inventory:

Hand Weapons
 k - a +0 flail of protection
 l - a +1 spear of venom
 r - a +0 giant spiked club (weapon)
Armour
 b - a +0 animal skin
 c - a +1 cloak (worn)
 e - a +2 robe of resistance (worn)
Jewellery
 f - a ring of stealth (left hand)
 g - a ring of wizardry (right hand)
Wands
 j - a wand of slowing (5/48)
Scrolls
 a - 3 scrolls of identify
 i - 2 scrolls of recharging
 p - a scroll of teleportation
Potions
 h - a potion of cure mutation
 n - a potion of haste
Comestibles
 o - a bread ration


   Skills:
 - Level 4.0 Fighting
 * Level 11.2 Maces & Flails
 - Level 2.6 Dodging
 - Level 1.5 Stealth


You had 6 spell levels left.
You didn't know any spells.

Dungeon Overview and Level Annotations

Branches:
Dungeon (5/15)
 Temple: D:4-7

Altars:

Shops:
D:4 ?


Innate Abilities, Weirdness & Mutations

You are too large for most types of armour.
You have tough skin. (AC +1)


Message History

The killer bee stings you.
* * * LOW HITPOINT WARNING * * *
The killer bee barely misses you.
The killer bee stings you but does no damage.
The killer bee barely misses you. x2
Blink to where?
Press: ? - help, Dir - move target cursor You are very lightly contaminated with residual magic.
As you read the scroll of blinking, it crumbles to dust.
* * * LOW HITPOINT WARNING * * *
You feel sick.
You feel better. The killer bee closely misses you.
As you read the scroll of teleportation, it crumbles to dust.
You feel strangely unstable. The killer bee barely misses you.
The killer bee stings you but does no damage.
The killer bee stings you.
* * * LOW HITPOINT WARNING * * *
The killer bee stings you but does no damage.
The killer bee closely misses you. The killer bee stings you!
You die...

#...# #...# #...# .# . #...#
#.# #### ..#######...########
#.# #...
...................###.#####...
...?.........yy......#.##......
#.......[..yy@....#.#.##.##...
########..(########.#.##.##...
#...# #..)(.(#†##### #...#
#.#†#..#.##### #...#
#.#.#......... #...#
#.#........#.# Z...#
#.........#... .....#
#..##..#...... #.......<.#..#


You could see 4 killer bees.

Vanquished Creatures
  Sigmund (D:2)
  Edmund (D:5)
  A centaur (D:5)
  2 ogres (D:4)
  A hound (D:3)
  2 orc wizards (D:4)
  Terence (D:2)
  A worker ant (D:4)
  7 adders
  2 oozes
  3 worms (D:3)
  2 dart slugs
  3 leopard geckos
  8 orcs
  6 giant cockroaches
  5 goblins
  3 hobgoblins
  5 jackals
  2 quokkas
  2 bats
  8 frilled lizards
  A jackal skeleton (D:5)
  7 kobolds
  4 rats
78 creatures vanquished.

Notes
Turn   | Place    | Note
-------+----------+-------------------------------------------
     0 | D:1      | wolfsongas the Ogre Berserker began the quest for the Orb.
     0 | D:1      | Reached XP level 1. HP: 24/24 MP: 1/1
   180 | D:1      | Reached XP level 2. HP: 26/32 MP: 2/2
   259 | D:1      | Reached skill level 5 in Maces & Flails
   358 | D:1      | Reached XP level 3. HP: 34/39 MP: 3/3
   723 | D:2      | Noticed Terence
   727 | D:2      | Killed Terence
   727 | D:2      | Reached skill level 6 in Maces & Flails
   837 | D:2      | Reached XP level 4. HP: 48/48 MP: 4/4
   924 | D:2      | Noticed Sigmund
   942 | D:2      | Killed Sigmund
   942 | D:2      | Reached ** piety under Trog
   942 | D:2      | Reached skill level 8 in Maces & Flails
   942 | D:2      | Reached XP level 5. HP: 54/54 MP: 5/5
   968 | D:2      | Reached XP level 6. HP: 20/62 MP: 6/6
  2116 | D:3      | Reached skill level 9 in Maces & Flails
  2258 | D:3      | Reached skill level 1 in Stealth
  2545 | D:4      | Found Noanaon's Magic Scroll Boutique.
  2552 | D:4      | Bought a scroll of enchant weapon for 105 gold pieces
  2815 | D:4      | Reached XP level 7. HP: 41/70 MP: 7/7
  3246 | D:4      | Gained mutation: You are partially covered in molten scales. (AC +2) [potion of beneficial mutation]
  3247 | D:4      | Lost mutation: You are partially covered in molten scales. (AC +2) [potion of cure mutation]
  3640 | D:4      | Reached skill level 10 in Maces & Flails
  3654 | D:5      | Entered Level 5 of the Dungeon
  3663 | D:5      | Reached *** piety under Trog
  3714 | D:5      | Noticed Edmund
  3720 | D:5      | Killed Edmund
  3720 | D:5      | Reached skill level 11 in Maces & Flails
  3734 | D:5      | Slain by a killer bee

Skill      XL: |  1  2  3  4  5  6  7 |
---------------+----------------------+-----
Maces & Flails | 5 6 8 9 11 | 11.2
Stealth        | 1 |  1.5
Fighting       | |  4.0
Dodging        | |  2.6

Action                   |  1- 3 |  4- 6 |  7- 9 || total
-------------------------+-------+-------+-------++-------
Melee: Mace              |    64 |   119 |       ||   183
       Giant spiked club |       |     5 |    84 ||    89
Invok: Berserk           |     2 |     3 |     1 ||     6
  Use: Scroll            |     6 |     4 |     2 ||    12
       Potion            |     1 |     3 |     7 ||    11
 Stab: Sleeping          |       |     7 |     1 ||     8
  Eat: Bread ration      |     1 |     2 |       ||     3
       Beef jerky        |       |     1 |       ||     1
Armor: Robe              |    23 |    30 |    76 ||   129
       Animal skin       |     1 |       |       ||     1
Dodge: Dodged            |    31 |    61 |    96 ||   188
